 Dungeon Crawl Stone Soup version 0.20.1-1-g8b1a95d (webtiles) character file.

36887 bosm the Sharpshooter (level 14, -3/92 HPs)
             Began as a Kobold Hunter on Aug 10, 2017.
             Was a High Priest of Nemelex Xobeh.
             Slain by a yaktaur captain (19 damage)
             ... summoned by the player character
             ... on level 6 of the Lair of Beasts.
             The game lasted 01:15:32 (15594 turns).

bosm the Sharpshooter (Kobold Hunter)              Turns: 15594, Time: 01:15:34

Health: -3/92      AC: 11    Str: 14    XL:     14   Next: 26%
Magic:  22/22      EV: 22    Int: 13    God:    Nemelex Xobeh [*****.]
Gold:   788        SH:  0    Dex: 23    Spells: 7/13 levels left

rFire    + + .     SeeInvis +   w - +1 hand crossbow
rCold    + + .     Gourm    .   (shield restricted)
rNeg     + . .     Faith    .   T - +2 ring mail {rF+}
rPois    .         Spirit   .   (no helmet)
rElec    .         Reflect  .   x - scarf {rC+ rF+}
rCorr    .         Harm     .   A - +1 pair of gloves
MR       +....     Rnd*Rage +   (no boots)
Stlth    +.........             m - amulet of regeneration
Regen    0.7/turn               I - ring "Witiam" {rN+ Str+3 Dex+3 SInv Stlth-}
MPRegen  0.2/turn               y - ring of protection from cold

@: about to teleport, barbed spikes
A: fangs 1, thin metallic scales 1, berserk 1, carnivore 3, strong 1
a: Triple Draw, Deal Four, Stack Five, Renounce Religion


You were on level 6 of the Lair of Beasts.
You worshipped Nemelex Xobeh.
Nemelex Xobeh was extremely pleased with you.
You were completely stuffed.

You visited 3 branches of the dungeon, and saw 17 of its levels.

You collected 988 gold pieces.
You spent 200 gold pieces at shops.

Inventory:

Hand Weapons
 a - a +0 quarterstaff of freezing
 w - a +1 hand crossbow (weapon)
Missiles
 d - 44 bolts (quivered)
Armour
 x - a scarf of resistance (worn)
 A - a +1 pair of gloves (worn)
 T - a +2 ring mail of fire resistance (worn)
Jewellery
 c - an uncursed ring of resist corrosion
 j - an uncursed ring of flight
 m - an amulet of regeneration (around neck)
 y - a ring of protection from cold (right hand)
 F - an uncursed ring of wizardry
 I - the ring "Witiam" (left hand) {rN+ Str+3 Dex+3 SInv Stlth-}
   (You found it on level 9 of the Dungeon)

   [ring of strength]

   It affects your strength (+3).
   It affects your dexterity (+3).
   It protects you from negative energy.
   It lets you see invisible.
   It makes you less stealthy.
Wands
 l - a wand of iceblast (5/15)
 s - a wand of polymorph (2/24)
 C - a wand of flame (33/48)
 E - a wand of lightning (0/15)
 N - a wand of digging (8/24)
 S - a wand of paralysis (6/24)
Scrolls
 e - 6 scrolls of remove curse
 g - 8 scrolls of identify
 i - 4 scrolls of enchant weapon
 n - 3 scrolls of teleportation
 r - a scroll of amnesia
 t - 3 scrolls of recharging
 v - 3 scrolls of magic mapping
 H - a scroll of blinking
 K - 3 scrolls of enchant armour
 V - a scroll of random uselessness
 W - a scroll of silence
Potions
 h - 2 potions of agility
 k - a potion of berserk rage
 o - 3 potions of cancellation
 p - 3 potions of flight
 L - a potion of haste
 P - 3 potions of might
 R - a potion of mutation
Books
 b - a book of Misfortune

   Spells                             Type                      Level
   a - Confusing Touch                Hexes                        1
   b - Confuse                        Hexes                        3
   c - Gell's Gravitas                Translocation                3
   d - Petrify                        Transmutation/Earth          4
   e - Metabolic Englaciation         Hexes/Ice                    5
   f - Yara's Violent Unravelling     Hexes/Transmutation          5
 z - a book of Minor Magic

   Spells                             Type                      Level
   a - Magic Dart                     Conjuration                  1
   b - Blink                          Translocation                2
   c - Call Imp                       Summoning                    2
   d - Slow                           Hexes                        2
   e - Conjure Flame                  Conjuration/Fire             3
   f - Mephitic Cloud                 Conjuration/Poison/Air       3
 D - a book of Geomancy

   Spells                             Type                      Level
   a - Sandblast                      Earth                        1
   b - Passwall                       Transmutation/Earth          2
   c - Stone Arrow                    Conjuration/Earth            3
   d - Petrify                        Transmutation/Earth          4
   e - Lee's Rapid Deconstruction     Earth                        5
 M - Opaunott's Reference Book on Burning Displacement
   (You found it on level 10 of the Dungeon)

   Spells                             Type                      Level
   a - Shroud of Golubria             Charms/Translocation         2
   b - Sticky Flame                   Conjuration/Fire             4
   c - Fireball                       Conjuration/Fire             5
   d - Bolt of Fire                   Conjuration/Fire             6
Miscellaneous
 u - a plain deck of escape {drawn: 7}
 B - a legendary deck of summoning {drawn: 3}
 J - an ornate deck of destruction {drawn: 3}
 O - a plain deck of summoning {drawn: 5}
 Q - a legendary deck of summoning
 U - a plain deck of destruction {drawn: 2}
 X - a lightning rod (inert)
 Y - a legendary deck of escape
Comestibles
 f - 8 meat rations
 q - 9 royal jellies


   Skills:
 + Level 12.1 Fighting
 * Level 18.0 Crossbows
 - Level 10.5 Dodging
 - Level 1.3 Stealth
 - Level 5.0 Invocations
 + Level 11.4 Evocations


You had 7 spell levels left.
You knew the following spells:

 Your Spells              Type           Power        Failure   Level  Hunger
a - Blink                 Tloc           N/A          67%         2    ###....
b - Shroud of Golubria    Chrm/Tloc      #.........   67%         2    ###....
c - Slow                  Hex            #.......     67%         2    ###....


Dungeon Overview and Level Annotations

Branches:
Dungeon (10/15)            Temple (1/1) D:6            Lair (6/6) D:10
 Shoals (0/4) Lair:3        Snake (0/4) Lair:3        Slime (0/5) Lair:6
    Orc: D:9-12

Altars:
Ashenzari
Cheibriados
Dithmenos
Elyvilon
Fedhas
Gozag
Hepliaklqana
Kikubaaqudgha
Makhleb
Nemelex Xobeh
Okawaru
Qazlal
Ru
Sif Muna
Trog
Uskayaw
Vehumet
Xom
Yredelemnul
Zin
The Shining One
Jiyva

Shops:
D:4 (   D:5 *   D:6 *

Annotations:
Lair:4 exclusion: 4 oklob plants


Innate Abilities, Weirdness & Mutations

You are small and have problems with some larger weapons.
You are carnivorous and can eat meat at any time.
You have very sharp teeth.
You are partially covered in thin metallic scales. (AC +2)
You tend to lose your temper in combat.
Your muscles are strong. (Str +2)


Message History

Press: ? - help, Shift-Dir - straight line, f - yaktaur captain
Aim: a yaktaur captain (heavily wounded, summoned)
You shoot a bolt. The bolt hits the yaktaur captain.
The yaktaur captain is severely wounded.
The manticore flicks its tail.
The volley of spikes misses bosm's illusion.
The volley of spikes hits you!
The barbed spikes become lodged in your body.
* * * LOW HITPOINT WARNING * * *
The death yak closely misses bosm's illusion.
The yaktaur captain hits you!
* * * LOW HITPOINT WARNING * * *
Bosm's illusion hits the death yak!
You feel better.
The manticore flicks its tail.
The volley of spikes hits bosm's illusion.
The death yak completely misses bosm's illusion.
The yaktaur captain hits you!!
You die...
Your body disappears without a glow.

..†.............8........
<..................8....#
.........P#P...8......#
###......#####......###
#........## ##......#
##........# ##...###P.#
#........####...#######
#........# #...###H###
#.#......# #..##@@YHY##
##..(....# #.....c#Y..###
.#..!...###......##.....#
##......#
##....####Y......
.P......# ##.### .###...
........# ### .# ..
........# ## . .........#
.........#


You could see 2 death yaks, a yaktaur captain, 2 manticores, a yak and the
friendly bosm's illusion.

Vanquished Creatures
  An acid blob (Lair:6)
  4 hydras
  Fannar (Lair:1)
  A catoblepas (Lair:6)
  A death yak (Lair:6)
  2 two-headed ogres
  Pikel (D:4)
  A manticore (Lair:3)
  Joseph (D:9)
  A gargoyle (D:10)
  4 spiny frogs
  3 komodo dragons
  A rime drake (Lair:5)
  A troll (D:10)
  4 hippogriffs
  12 blink frogs
  29 yaks
  2 wyverns
  A basilisk (D:10)
  A naga (Lair:3)
  5 water moccasins
  12 porcupines
  4 orc warriors
  An ice beast (D:5)
  2 sky beasts (D:9)
  2 black bears
  3 ogres (D:10)
  A phantom (D:3)
  4 wolves (Lair:2)
  3 centaurs
  9 crocodiles
  Blork the orc (D:4)
  3 big kobolds
  14 bullfrogs
  2 scorpions (D:9)
  6 killer bees
  2 howler monkeys
  3 electric eels (D:9)
  4 crimson imps
  A bullfrog zombie (D:6)
  3 orc priests
  A centaur skeleton (D:10)
  3 hounds
  A jelly (D:4)
  2 hell rats (Lair:4)
  3 iguanas
  8 orc wizards
  5 worker ants
  A worker ant zombie (D:6)
  8 adders
  3 shadow imps
  An ooze (D:3)
  An adder zombie (D:7)
  4 worms
  A dart slug (D:1)
  4 leopard geckos
  33 orcs
  4 ball pythons
  4 bats
  4 giant cockroaches
  9 goblins
  3 hobgoblins
  15 jackals
  14 kobolds
  6 quokkas
  4 frilled lizards
  A quokka skeleton (D:7)
  10 rats
  A bush (D:9)
  2 fungi
  A plant (Lair:4)
314 creatures vanquished.

Vanquished Creatures (collateral kills)
  2 acid blobs (Lair:6)
  3 hydras
  A catoblepas (Lair:6)
  3 death yaks (Lair:5)
  7 black mambas
  3 spiny frogs
  A rime drake (Lair:5)
  4 komodo dragons
  A polar bear (Lair:5)
  A hippogriff (Lair:6)
  A slime creature (Lair:6)
  15 blink frogs
  5 dream sheep
  9 yaks
  A wyvern (Lair:5)
  A basilisk (Lair:1)
  3 water moccasins
  A porcupine (Lair:5)
  An orc warrior (D:7)
  A crocodile (Lair:5)
  5 bullfrogs
  8 river rats (Lair:4)
  An orc (D:7)
  A rat (Lair:4)
79 creatures vanquished.

Vanquished Creatures (others)
  Snorg (Lair:6)
  Sonja (D:10)
  A yak (Lair:6)
  A soldier ant (Lair:1)
  An orc wizard (D:5)
  An orc priest (D:5)
  A ball lightning (Lair:6)
  A giant cockroach zombie (D:5)
  10 fungi
  24 plants
42 creatures vanquished.

Grand Total: 435 creatures vanquished

Notes
Turn   | Place    | Note
-------+----------+-------------------------------------------
     0 | D:1      | bosm the Kobold Hunter began the quest for the Orb.
     0 | D:1      | Reached XP level 1. HP: 12/12 MP: 1/1
   242 | D:1      | You fall through a shaft!
   248 | D:2      | Reached skill level 5 in Crossbows
   413 | D:2      | Reached XP level 2. HP: 16/18 MP: 2/2
   424 | D:2      | Reached XP level 3. HP: 8/22 MP: 3/3
   935 | D:2      | Reached XP level 4. HP: 18/28 MP: 4/4
  2621 | D:3      | Reached XP level 5. HP: 32/32 MP: 5/5
  2805 | D:3      | Noticed a phantom
  2816 | D:3      | Killed a phantom
  2816 | D:3      | Reached skill level 6 in Crossbows
  2816 | D:3      | Reached XP level 6. HP: 12/38 MP: 6/6
  3125 | D:4      | Found Yrghem Fudof's Antique Weapon Shop.
  3335 | D:4      | Noticed a black bear
  3344 | D:4      | Killed a black bear
  3344 | D:4      | Reached skill level 7 in Crossbows
  3490 | D:4      | Reached XP level 7. HP: 44/44 MP: 7/7
  3591 | D:4      | Noticed Blork the orc
  3605 | D:4      | Killed Blork the orc
  3857 | D:5      | Entered Level 5 of the Dungeon
  3898 | D:5      | Noticed Pikel
  3956 | D:4      | Reached skill level 5 in Dodging
  4040 | D:4      | Killed Pikel
  4040 | D:4      | Reached skill level 5 in Fighting
  4040 | D:4      | Reached skill level 9 in Crossbows
  4040 | D:4      | Reached XP level 8. HP: 18/50 MP: 8/8
  4092 | D:4      | Gained mutation: You are partially covered in thin metallic scales. (AC +2) [potion of mutation]
  4092 | D:4      | Gained mutation: You tend to lose your temper in combat. [potion of mutation]
  4092 | D:4      | Gained mutation: You have very sharp teeth. [potion of mutation]
  4092 | D:4      | Gained mutation: Your muscles are strong. (Str +2) [potion of mutation]
  4524 | D:5      | Found Jelea's Assorted Antiques.
  4537 | D:5      | Bought 3 scrolls labeled IXTAJAN QIRA for 60 gold pieces
  4537 | D:5      | Bought a scroll labeled NAMESMUCUR for 20 gold pieces
  4537 | D:5      | Bought a scroll labeled MUAMUZOISE for 20 gold pieces
  4805 | D:6      | Reached skill level 10 in Crossbows
  4805 | D:6      | Reached XP level 9. HP: 34/56 MP: 9/9
  4998 | D:6      | Found a staircase to the Ecumenical Temple.
  5005 | Temple   | Entered the Ecumenical Temple
  5012 | Temple   | Became a worshipper of Nemelex Xobeh the Trickster
  5094 | Temple   | Received a gift from Nemelex Xobeh
  5191 | D:6      | You fall through a shaft for 2 floors!
  5250 | D:8      | Reached skill level 1 in Evocations
  5354 | D:8      | Reached * piety under Nemelex Xobeh
  5421 | D:7      | Reached skill level 1 in Invocations
  5903 | D:6      | Found Enlontyph's Assorted Antiques.
  5911 | D:6      | Bought a potion of curing for 60 gold pieces
  5911 | D:6      | Bought a scroll labeled NEICAC QUGO for 20 gold pieces
  5911 | D:6      | Bought a scroll labeled PEHUM TAYBLYBLEINY for 20 gold pieces
  5975 | D:6      | Received a gift from Nemelex Xobeh
  5999 | D:6      | Reached skill level 11 in Crossbows
  6505 | D:7      | Found a white marble altar of Elyvilon.
  6533 | D:7      | Noticed a two-headed ogre
  6547 | D:7      | Killed a two-headed ogre
  6798 | D:7      | Noticed a hippogriff
  6809 | D:7      | Killed a hippogriff
  6809 | D:7      | Reached XP level 10. HP: 53/63 MP: 12/12
  7238 | D:9      | Reached skill level 12 in Crossbows
  7477 | D:9      | Found a transporter.
  7502 | D:9      | Found a transporter.
  7744 | D:9      | Got a translucent turquoise ring
  7997 | D:9      | Noticed Joseph
  8018 | D:9      | Killed Joseph
  8018 | D:9      | Reached skill level 5 in Evocations
  8376 | D:10     | Entered Level 10 of the Dungeon
  8408 | D:10     | Noticed a two-headed ogre
  8576 | D:10     | Received a gift from Nemelex Xobeh
  8637 | D:10     | Reached skill level 5 in Invocations
  8775 | D:10     | Reached ** piety under Nemelex Xobeh
  8784 | D:10     | Reached skill level 13 in Crossbows
  8790 | D:10     | Killed a two-headed ogre
  8790 | D:10     | Reached XP level 11. HP: 69/69 MP: 15/15
  8820 | D:10     | Noticed Sonja
  9106 | D:10     | Found an opulent altar of Gozag.
  9118 | D:10     | Identified the ring "Witiam" {rN+ Str+3 Dex+3 SInv Stlth-} (You found it on level 9 of the Dungeon)
  9508 | D:10     | Received a gift from Nemelex Xobeh
  9531 | D:10     | Killed Sonja
  9531 | D:10     | Reached skill level 14 in Crossbows
  9721 | D:10     | Found a staircase to the Lair.
  9796 | D:10     | Identified Opaunott's Reference Book on Burning Displacement
  9879 | Lair:1   | Entered Level 1 of the Lair of Beasts
 10041 | Lair:1   | Received a gift from Nemelex Xobeh
 10112 | Lair:1   | Noticed Fannar
 10130 | Lair:1   | Killed Fannar
 10130 | Lair:1   | Reached XP level 12. HP: 76/77 MP: 17/17
 10333 | Lair:1   | Reached *** piety under Nemelex Xobeh
 10341 | Lair:1   | Reached skill level 15 in Crossbows
 10419 | Lair:1   | Reached skill level 10 in Fighting
 10803 | Lair:2   | Learned a level 2 spell: Blink
 10806 | Lair:2   | Learned a level 2 spell: Shroud of Golubria
 10809 | Lair:2   | Learned a level 2 spell: Slow
 11000 | Lair:2   | Noticed a six-headed hydra
 11006 | Lair:2   | Killed a six-headed hydra
 11058 | Lair:2   | Received a gift from Nemelex Xobeh
 11568 | Lair:2   | Noticed a four-headed hydra
 11597 | Lair:2   | Killed a four-headed hydra
 11799 | Lair:2   | Reached skill level 16 in Crossbows
 11861 | Lair:2   | Received a gift from Nemelex Xobeh
 12139 | Lair:2   | Noticed a four-headed hydra
 12149 | Lair:2   | Killed a four-headed hydra
 12403 | Lair:3   | Found a staircase to the Snake Pit.
 12418 | Lair:3   | Reached **** piety under Nemelex Xobeh
 12425 | Lair:3   | Found a staircase to the Shoals.
 12443 | Lair:3   | Reached XP level 13. HP: 50/84 MP: 20/20
 12580 | Lair:3   | Received a gift from Nemelex Xobeh
 13107 | Lair:4   | Received a gift from Nemelex Xobeh
 13348 | Lair:4   | Reached skill level 10 in Evocations
 14009 | Lair:4   | Received a gift from Nemelex Xobeh
 14298 | Lair:5   | Reached ***** piety under Nemelex Xobeh
 14333 | Lair:5   | Reached skill level 17 in Crossbows
 14337 | Lair:5   | Received a gift from Nemelex Xobeh
 14777 | Lair:5   | Received a gift from Nemelex Xobeh
 14965 | Lair:6   | Entered Level 6 of the Lair of Beasts
 14977 | Lair:6   | Noticed an eight-headed hydra
 14981 | Lair:6   | Killed an eight-headed hydra
 14989 | Lair:6   | Noticed a six-headed hydra
 14991 | Lair:6   | Reached skill level 10 in Dodging
 14995 | Lair:6   | Killed a six-headed hydra
 15009 | Lair:6   | Found a runed door.
 15009 | Lair:6   | Found a viscous altar of Jiyva.
 15009 | Lair:6   | Noticed an acid blob
 15010 | Lair:6   | Noticed an acid blob
 15011 | Lair:6   | Found a staircase to the Slime Pits.
 15011 | Lair:6   | Noticed an acid blob
 15037 | Lair:6   | Killed an acid blob
 15039 | Lair:6   | Killed an acid blob
 15115 | Lair:6   | Killed an acid blob
 15126 | Lair:6   | Noticed a six-headed hydra
 15263 | Lair:6   | Noticed a four-headed hydra
 15266 | Lair:6   | Killed a four-headed hydra
 15318 | Lair:6   | Reached XP level 14. HP: 85/91 MP: 22/22
 15397 | Lair:6   | Received a gift from Nemelex Xobeh
 15571 | Lair:6   | Noticed Snorg
 15584 | Lair:6   | Reached skill level 18 in Crossbows
 15586 | Lair:6   | Killed Snorg
 15594 | Lair:6   | Slain by a yaktaur captain

Skill      XL: |  1  2  3  4  5  6  7  8  9 10 11 12 13 14 |
---------------+-------------------------------------------+-----
Crossbows      | 5 6 7 9 10 11 13 14 16 17 18 | 18.0
Dodging        | 3 4 5 6 8 10 | 10.5
Fighting       | 3 4 5 6 7 8 9 10 11 12 | 12.1
Evocations     | 3 6 7 9 11 | 11.4
Invocations    | 2 5 |  5.0
Stealth        | |  1.3

Action                   |  1- 3 |  4- 6 |  7- 9 | 10-12 | 13-15 || total
-------------------------+-------+-------+-------+-------+-------++-------
Melee: Quarterstaff      |    18 |   104 |     9 |   219 |    83 ||   433
       Whip              |       |       |    43 |    40 |       ||    83
       Bite              |       |       |     4 |    48 |    11 ||    63
 Fire: Hand crossbow     |    25 |    42 |   247 |   500 |   166 ||   980
Evoke: Deck              |       |       |     7 |    41 |    29 ||    77
       Wand              |       |       |     2 |    15 |     6 ||    23
       Box of beasts     |       |       |       |       |     5 ||     5
       Lightning rod     |       |       |       |       |     4 ||     4
  Use: Potion            |       |     3 |    11 |     5 |     2 ||    21
       Scroll            |       |       |    14 |     9 |     2 ||    25
 Stab: Sleeping          |     4 |     3 |       |       |       ||     7
       Paralysed         |       |       |       |     6 |       ||     6
  Eat: Chunk             |     8 |     8 |    11 |    13 |    14 ||    54
Armor: Leather armour    |     5 |    21 |       |       |       ||    26
       Scale mail        |       |       |    11 |       |       ||    11
       Ring mail         |       |       |    26 |    80 |    33 ||   139
Dodge: Dodged            |    29 |   112 |   163 |   366 |   226 ||   896
